 Dungeon Crawl Stone Soup version 0.25-a0-424-g80bd347ae0 (webtiles) character file.

Game seed: 11357362427399033695, levelgen mode: deterministic

77 Kohma the Stinger (level 4, -8/38 HPs)
             Began as a Naga Venom Mage on Jan 23, 2020.
             Mangled by a gnoll
             ... wielding a +0 halberd of venom
              (16 damage)
             ... on level 2 of the Dungeon.
             The game lasted 00:05:35 (1866 turns).

Kohma the Stinger (Naga Venom Mage)                 Turns: 1866, Time: 00:05:36

Health: -8/38      AC:  2    Str: 11    XL:     4   Next: 33%
Magic:  1/7        EV: 10    Int: 16    God:
Gold:   68         SH:  0    Dex: 11    Spells: 5/8 levels left

rFire    . . .     SeeInvis +   d - +1 spear
rCold    . . .     Gourm    .   (no shield)
rNeg     . . .     Faith    .   a - +0 robe
rPois    +         Spirit   .   (no helmet)
rElec    .         Reflect  .   (no cloak)
rCorr    .         Harm     .   (no gloves)
MR       .....                  (no barding)
Stlth    ++........             (no amulet)
HPRegen  0.12/turn              (no ring)
MPRegen  0.10/turn              (no ring)

@: very slow
A: large, see invisible, deformed body, poison resistance, slowness 2, slow
metabolism 1, spit poison 1, AC +1
a: Spit Poison


You were on level 2 of the Dungeon.
You were not hungry.

You visited 1 branch of the dungeon, and saw 2 of its levels.

You collected 68 gold pieces.

Inventory:

Hand Weapons
 d - a +1 spear (weapon)
 o - a +0 dagger
Missiles
 k - 7 atropa-tipped darts (quivered)
Armour
 a - a +0 robe (worn)
Jewellery
 m - a +4 ring of intelligence {unknown}
 p - a +3 amulet of reflection {unknown}
 r - a +3 ring of dexterity {unknown}
Scrolls
 f - a scroll of remove curse {unknown}
 h - a scroll of teleportation {unknown}
 j - 3 scrolls of enchant weapon
 l - a scroll of identify {unknown}
 n - a scroll of amnesia {unknown}
 q - a scroll of enchant armour {unknown}
Potions
 b - 2 potions of mutation {unknown}
 e - a potion of heal wounds {unknown}
 i - a potion of might {unknown}
 s - a potion of curing {unknown}
Comestibles
 c - 2 rations


   Skills:
 + Level 1.2 Fighting
 - Level 1.5 Dodging
 - Level 3.0 Stealth
 + Level 2.6 Spellcasting
 - Level 1.0 Transmutations
 * Level 1.6 Air Magic
 * Level 5.1 Poison Magic


You had 5 spell levels left.
You knew the following spells:

 Your Spells              Type           Power        Failure   Level  Hunger
a - Sting                 Tmut/Pois      ##..         5%          1    #......
b - Poisonous Vapours     Pois/Air       ##....       8%          2    ##.....

Your spell library contained the following spells:

 Spells                   Type           Power        Failure   Level  Hunger
 Mephitic Cloud           Conj/Pois/Air  #.......     24%         3    ###....
 Olgreb's Toxic Radiance  Pois           ###.....     24%         4    #####..
 Ignite Poison            Fire/Tmut/Pois #.......     26%         3    ###....


Dungeon Overview and Level Annotations

Branches:
Dungeon (2/15)

Altars:


Innate Abilities, Weirdness & Mutations

You cannot wear boots.
Your serpentine skin is tough. (AC +1)
You have supernaturally acute eyesight. (SInv)
Armour fits poorly on your strangely shaped body.
Your system is resistant to poisons. (rPois)
You cover ground very slowly.
You have a slow metabolism.
You can spit poison.


Message History

You throw an atropa-tipped dart.
The atropa-tipped dart barely misses the gnoll.
The atropa-tipped dart hits the gnoll.
The gnoll appears confused.
The gnoll hits you with a +0 club!
You closely miss the gnoll.
The gnoll is almost dead.
You kill the gnoll!
The gnoll seems less confused.
The gnoll closely misses you.
You hit the gnoll but do no damage. The gnoll closely misses you.
You hit the gnoll.
The gnoll is heavily wounded.
You barely miss the gnoll.
The gnoll is heavily wounded.
The gnoll is no longer blind.
The gnoll hits you with a +0 halberd of venom!
* * * LOW HITPOINT WARNING * * *
You barely miss the gnoll.
The gnoll is heavily wounded.
The gnoll hits you with a +0 halberd of venom!
You die...

#..
##....>...รทรท#####
#..##<...#.#.........
#...#............####
#..##..............#
#...#..........###..
#..##........## ###
#...##......## ##
#......####.######.
##@.........##.....
#g#........##.####
#(#........# ..
#).#......... ##
$.....###.....
......### .####
........# ##
......... .........


You could see a gnoll.

Vanquished Creatures
  2 gnolls (D:2)
  An adder (D:2)
  An ooze (D:1)
  A worm (D:2)
  A dart slug (D:1)
  5 bats
  3 giant cockroaches
  3 goblins (D:1)
  6 hobgoblins
  7 jackals
  2 frilled lizards (D:2)
  A kobold (D:1)
  5 rats
38 creatures vanquished.

Notes
Turn   | Place    | Note
-------+----------+-------------------------------------------
     0 | D:1      | Kohma the Naga Venom Mage began the quest for the Orb.
     0 | D:1      | Reached XP level 1. HP: 15/15 MP: 3/3
   391 | D:1      | Reached XP level 2. HP: 24/24 MP: 1/5
   490 | D:1      | Learned a level 2 spell: Poisonous Vapours
  1016 | D:1      | Reached XP level 3. HP: 28/30 MP: 0/6
  1197 | D:1      | Reached skill level 1 in Fighting
  1303 | D:2      | Reached skill level 1 in Air Magic
  1662 | D:2      | Reached XP level 4. HP: 15/38 MP: 0/7
  1855 | D:2      | Reached skill level 5 in Poison Magic
  1866 | D:2      | Mangled by a gnoll

Levels and vault maps discovered:
D:1:      nagdon_arrival_double_spiral, layout_basic
D:2:      layout_rooms, serial_glass, glass_columns_a, glass_columns_a,
          st_stairs_14, okawaru_metal_pillars_3, uniq_sigmund

Skill      XL: |  1  2  3  4 |
---------------+-------------+-----
Fighting       | 1 |  1.2
Air Magic      | 1 |  1.6
Poison Magic   | 5 |  5.1
Dodging        | |  1.5
Stealth        | |  3.0
Spellcasting   | |  2.6
Transmutations | |  1.0

Action                   |  1- 3 |  4- 6 || total
-------------------------+-------+-------++-------
Melee: Unarmed           |     9 |       ||     9
       Hand axe          |    16 |       ||    16
       Club              |     1 |       ||     1
       Spear             |    14 |     8 ||    22
Throw: Dart              |       |     1 ||     1
 Cast: Sting             |    23 |     1 ||    24
       Poisonous Vapours |    29 |     3 ||    32
  Use: Scroll            |     1 |       ||     1
 Stab: Sleeping          |     1 |       ||     1
  Eat: Chunk             |     3 |     1 ||     4
Armor: Robe              |     8 |       ||     8
Dodge: Dodged            |    21 |     5 ||    26

Table legend:
 A = Non-vault XP
 B = Vault XP
 C = Vault XP percentage of total XP
 D = Non-vault monster count
 E = Vault monster count
 F = Vault count percentage of total count
                 A         B        C        D         E       F
            +---------+---------+-------+---------+---------+-------
      Total |     109 |       1 |   0.9 |      37 |       1 |   2.6
            +---------+---------+-------+---------+---------+-------
        D:1 |      44 |       0 |   0.0 |      22 |       0 |   0.0
        D:2 |      65 |       1 |   1.5 |      15 |       1 |   6.2
            +---------+---------+-------+---------+---------+-------
